Cogmind - Beta 13 @@@ ROGUE MODE // 2024.04.13 @ 00:47:09 Player: Patryk Z Result: Self-destructed Performance ------------- Evolutions (4) 2000 Regions Visited (12) 2400 Robots Destroyed (95) 475 Value Destroyed (4424) 4424 Prototype IDs (26) 520 Alien Tech Used (0) 0 Bonus (2600) 2600 TOTAL SCORE: 12419 Bonus ------- High Alert Combat Kills 310 Follower Combat Kills 194 Entered Garrisons 400 Used RIF Installer 1500 Aligned with FarCom 300 Friendly Fire -104 Cogmind --------- Core Integrity 758/850 Matter 174/300 Energy 6/100 System Corruption 0% Temperature Cool (0) Movement Treading (160) Location -6/Factory Parts ------- > --- POWER (1) -------- (None) > --- PROPULSION (3) --- Light Treads Medium Treads > --- UTILITY (9) ------ Large Storage Unit Launcher Guidance Computer Hardened Light Armor Plating Relay Coupler [Swarmer] (38) Relay Coupler [Grunt] (10) > --- WEAPON (2) ------- (None) > --- INVENTORY (15) --- Cloak of Protection Hardened Light Armor Plating Relay Coupler [Grunt] (28) Advanced EMP Blaster Heavy Missile Launcher Power Maul Peak State ------------ > --- POWER ------------ Neutrino Core > --- PROPULSION ------- Light Treads Medium Treads > --- UTILITY ---------- Large Storage Unit Hardened Heavy Armor Plating Shock Absorption System Makeshift Hacking Suite Relay Coupler [Grunt] Relay Coupler [Hunter] > --- WEAPON ----------- Heavy Missile Launcher Remote Datajack > --- INVENTORY -------- Launcher Guidance Computer Cloak of Protection Hardened Light Armor Plating Hardened Light Armor Plating Relay Coupler [Swarmer] Relay Coupler [Grunt] Advanced EMP Blaster Power Maul [Rating: 47] Favorites ----------- Power Light Nuclear Core Engine Reinforced Deuterium Engine Power Core Light Nuclear Core Propulsion Light Treads Treads Light Treads Utility Hacking Suite Device Seismic Detector Storage Large Storage Unit Processor Targeting Computer Hackware Hacking Suite Protection Hardened Light Armor Plating Weapon Power Maul Energy Gun Heavy EM Shotgun Energy Cannon Particle Cannon Ballistic Gun Assault Rifle Ballistic Cannon Assault Cannon Launcher Advanced EMP Blaster Special Weapon Remote Datajack Impact Weapon Power Maul Slashing Weapon Axe Special Melee Weapon Improved Datajack Build | -11 -10 -10 -10 -9 -8 -8 -7 -7 -7 -7 -7 -6 ------- Run | Yrd Mat Min Exi Min Mat Gar Fac Gar Fac Low Low Fac Slots Evolved 8 | . . . . . 4 . 2 . . . . 2 Power . | . . . . . . . . . . . . . Propulsion 1 | . . . . . . . 1 . . . . . Utility 7 | . . . . . 4 . 1 . . . . 2 Weapon . | . . . . . . . . . . . . . Parts Attached 137 | 8 7 2 . 1 26 11 40 8 14 16 1 3 Power 8 | 2 1 1 . . . 1 1 1 . 1 . . Engine 4 | 2 1 . . . . . 1 . . . . . Core 4 | . . 1 . . . 1 . 1 . 1 . . Reactor . | . . . . . . . . . . . . . Propulsion 15 | 2 . . . . 6 . 2 3 1 1 . . Treads 15 | 2 . . . . 6 . 2 3 1 1 . . Leg . | . . . . . . . . . . . . . Wheel . | . . . . . . . . . . . . . Hover . | . . . . . . . . . . . . . Flight . | . . . . . . . . . . . . . Utility 37 | 2 5 . . . 4 . 8 2 5 7 1 3 Device 5 | 1 2 . . . . . . . . 1 . 1 Storage 4 | 1 1 . . . . . . . . 2 . . Processor 3 | . 2 . . . . . . . . . . 1 Hackware 15 | . . . . . 1 . 4 2 4 3 1 . Protection 10 | . . . . . 3 . 4 . 1 1 . 1 Artifact . | . . . . . . . . . . . . . Weapon 77 | 2 1 1 . 1 16 10 29 2 8 7 . . Energy Gun 6 | . . . . . 4 . 2 . . . . . Energy Cannon 1 | . 1 . . . . . . . . . . . Ballistic Gun 10 | 2 . . . . 7 . 1 . . . . . Ballistic Cannon 10 | . . 1 . . 2 . 6 . 1 . . . Launcher 22 | . . . . 1 3 6 6 1 2 3 . . Special Weapon 18 | . . . . . . 4 8 . 4 2 . . Impact Weapon 6 | . . . . . . . 4 . . 2 . . Slashing Weapon 1 | . . . . . . . 1 . . . . . Piercing Weapon . | . . . . . . . . . . . . . Special Melee Weapon 3 | . . . . . . . 1 1 1 . . . Unidentified Prototypes 3 | . . . . . 3 . . . . . . . Parts Lost 21 | . 1 . . . 3 . 5 . 1 5 . 6 Power 4 | . 1 . . . 1 . . . . 1 . 1 Propulsion 5 | . . . . . 2 . 2 . . 1 . . Utility 8 | . . . . . . . 2 . 1 1 . 4 Weapon 4 | . . . . . . . 1 . . 2 . 1 Highest Loss Streak 6 | . 1 . . . 2 . 2 . 1 5 . 6 To Critical Strikes . | . . . . . . . . . . . . . Average Slot Usage (%) 92 | . 100 100 100 100 84 100 89 99 95 79 76 71 Engine 1 | . 14 3 . . . . 5 . . . . . Core 6 | . . 10 14 14 8 9 1 7 7 5 7 5 Treads 19 | . 28 28 28 28 18 18 14 22 22 13 15 13 Storage 8 | . 14 14 14 14 9 9 7 7 7 7 7 6 Processor 6 | . 3 14 14 14 9 9 7 6 . . . 6 Hackware 17 | . . . . . 9 9 25 22 30 29 29 25 Protection 10 | . . . . . 12 27 10 15 9 6 7 5 Ballistic Gun 3 | . 19 14 14 . 12 3 . . . . . . Ballistic Cannon 2 | . . 10 14 14 4 . 3 . . . . . Launcher 2 | . . . . 14 . 7 1 . . 1 1 . Special Weapon 2 | . . . . . . 7 4 . 4 5 7 5 Impact Weapon 2 | . . . . . . . 3 7 1 5 . . Special Melee Weapon 1 | . . . . . . . . 6 6 1 . . Naked Turns . | . . . . . . . . . . . . . Heaviest Build 64 | 15 30 34 34 35 46 47 54 44 47 64 64 59 Greatest Support 68 | 40 40 40 40 40 40 40 48 68 60 60 48 48 Greatest Overweight (x) 2 | 2 . . . . 1 1 2 . . 2 1 1 Average Overweight (x) . | . . . . . . 1 . . . 1 1 . Largest Inventory Capacity 15 | 8 15 15 15 15 15 15 15 15 15 15 15 15 Average Capacity 14 | 7 12 15 15 15 15 15 15 15 15 14 15 15 Most Carried 15 | 1 7 10 11 11 15 15 15 15 15 13 8 7 Average Carried 12 | . 4 9 10 11 10 14 14 14 14 8 7 6 Final Capacity 15 | 8 15 15 15 15 15 15 15 15 15 15 15 15 Final Carried 15 | 1 7 10 11 11 15 15 12 15 13 8 8 6 Class Distribution -------------------- 40% | Mutant 39% | Bothacker-Mutant 14% | Hacker-Mutant 6% | Scavenger-Mutant Dominant Class ---------------- Mutant | -10/Materials Mutant | -10/Mines Mutant | -10/Exiles Mutant | -9/Mines Mutant | -8/Materials Mutant | -8/Garrison Hacker-Mutant | -7/Factory Bothacker-Mutant | -7/Garrison Bothacker-Mutant | -7/Factory Bothacker-Mutant | -7/Lower Caves Bothacker-Mutant | -7/Lower Caves Bothacker-Mutant | -6/Factory Resources | -11 -10 -10 -10 -9 -8 -8 -7 -7 -7 -7 -7 -6 ----------- Run | Yrd Mat Min Exi Min Mat Gar Fac Gar Fac Low Low Fac Matter Collected 3329 | 212 406 45 . . 577 380 867 112 355 364 . 11 Remotely . | . . . . . . . . . . . . . Salvage Created 3574 | 121 496 87 . . 796 627 1072 135 48 192 . . Parts 188 | 7 27 3 . . 42 39 62 . 4 4 . . Haulers Intercepted 6 | . 2 . . . 3 . 1 . . . . . Recyclers Shooed 5 | 1 . . . . 1 . 3 . . . . . Parts Field Recycled . | . . . . . . . . . . . . . Retrieved Matter . | . . . . . . . . . . . . . Parts Self-Destructed 10 | . . . . . . . . . . 10 . . Prevented 2 | . . . . . . . . . . 2 . . Kills | -11 -10 -10 -10 -9 -8 -8 -7 -7 -7 -7 -7 -6 ------- Run | Yrd Mat Min Exi Min Mat Gar Fac Gar Fac Low Low Fac Combat Hostiles Destroyed 65 | . 8 2 . . 10 22 16 . 2 5 . . Melee 2 | . . . . . . . 1 . . 1 . . Guns 18 | . 6 . . . 7 2 3 . . . . . Cannons 14 | . 2 2 . . 1 . 8 . 1 . . . AOE 28 | . . . . . 2 20 4 . 1 1 . . Classes Destroyed 14 | 2 4 . . . 1 2 3 . 1 1 . . Worker 2 | . . . . . . . 2 . . . . . Builder 4 | . . . . . 1 . 3 . . . . . Tunneler 4 | 2 . . . . . . 1 . 1 . . . Hauler 6 | . 2 . . . 3 . 1 . . . . . Recycler 6 | 1 . . . . 2 . 3 . . . . . Operator 3 | . 1 . . . 1 . 1 . . . . . Watcher 5 | . 3 . . . 2 . . . . . . . Swarmer 12 | . . . . . . 11 1 . . . . . Grunt 34 | . 8 2 . . 10 8 5 . . 1 . . Duelist 2 | . . . . . . . . . . 2 . . Sentry 7 | . . . . . . 3 2 . . 2 . . Demolisher 2 | . . . . . . . . . 2 . . . Hunter 3 | . . . . . . . 3 . . . . . Programmer 5 | . . . . . . . 5 . . . . . Best Kill Streak 7 | 3 3 2 . . 6 7 6 . 2 2 . . Combat Bots Only 7 | . 3 2 . . 4 7 2 . 2 2 . . Max Kills in Single Turn 4 | 1 1 1 . . 1 4 3 . 1 1 . . Gunslinging . | . . . . . . . . . . . . . Exploded 4 | . . . . . 1 4 1 . 1 1 . . Melee 1 | . . . . . . . 1 . . 1 . . Uniques/NPCs Destroyed . | . . . . . . . . . . . . . Combat | -11 -10 -10 -10 -9 -8 -8 -7 -7 -7 -7 -7 -6 -------- Run | Yrd Mat Min Exi Min Mat Gar Fac Gar Fac Low Low Fac Hostile Shots Fired 418 | . 50 2 . . 50 31 129 . 33 81 . 42 Missed 134 | . 4 1 . . 15 9 55 . 14 21 . 15 Damage Taken 4805 | . 568 11 . . 577 330 1041 18 647 1304 . 309 Core 604 | . 86 . . . 14 42 155 . 34 181 . 92 Absorbed by Shields 66 | . . . . . . . . . . . . 66 Regen/Repaired (Parts) 161 | . . . . . . . 161 . . . . . Core Remaining (%) 75 | 100 . . . 65 . 89 . . . . 47 . Volleys Fired 347 | 6 58 2 . . 59 67 91 . 26 26 . 12 Largest 2 | 2 2 2 . . 2 2 2 . 1 1 . 1 Hottest 100 | 40 88 64 . . 73 100 94 . 48 36 . 5 Shots Fired 477 | 12 112 4 . . 115 75 96 . 25 26 . 12 Gun 212 | 12 82 2 . . 93 12 11 . . . . . Cannon 106 | . 30 2 . . 19 . 54 . 1 . . . Launcher 58 | . . . . . 3 29 13 . 9 4 . . Special 101 | . . . . . . 34 18 . 15 22 . 12 Kinetic 267 | 12 82 4 . . 97 12 59 . 1 . . . Thermal 64 | . 30 . . . . 34 . . . . . . Explosive 33 | . . . . . 3 13 6 . 8 3 . . Electromagnetic 46 | . . . . . 15 16 13 . 1 1 . . Robot Hit Streak 14 | 2 12 5 . . 14 7 10 . 6 3 . 7 Robot Miss Streak 6 | 1 2 . . . 4 1 3 . 2 6 . 3 Penetration Max . | . . . . . . . . . . . . . Secondary Targets 1 | . . . . . . 1 . . . . . . Max Gunslinging Chain 1 | . . . . . . 1 . . . . . . Shots Hit Robots 310 | 7 79 4 . . 84 15 71 9 16 18 . 7 Core Hits 159 | 4 23 3 . . 39 37 38 2 5 8 . . Critical Kills . | . . . . . . . . . . . . . Critical Parts Destroyed 11 | . 2 . . . 1 . 1 4 . 3 . . Critical Strikes 14 | . 2 . . . 2 . 2 4 . 4 . . Destroy 3 | . 2 . . . 1 . . . . . . . Blast 2 | . . . . . 1 . 1 . . . . . Smash 9 | . . . . . . . 1 4 . 4 . . Melee Attacks 139 | . . . . . . . 16 109 2 12 . . Impact 128 | . . . . . . . 8 109 . 11 . . Slashing 5 | . . . . . . . 5 . . . . . Piercing . | . . . . . . . . . . . . . Sneak Attacks 14 | . . . . . . . 13 . . 1 . . Combat Hostiles 2 | . . . . . . . 2 . . . . . Follow-up Attacks . | . . . . . . . . . . . . . Damage Inflicted 9193 | 87 1178 68 . . 1726 1606 2650 873 467 538 . . Guns 2270 | 87 773 24 . . 1094 120 172 . . . . . Cannons 1847 | . 405 44 . . 375 . 993 . 30 . . . Explosions 2877 | . . . . . 224 1486 545 . 437 185 . . Melee 2136 | . . . . . . . 928 855 . 353 . . Ramming 63 | . . . . . 33 . 12 18 . . . . Kinetic 3379 | 87 773 68 . . 1234 120 1067 . 30 . . . Thermal 796 | . 405 . . . 126 68 96 . 101 . . . Explosive 1234 | . . . . . 98 603 73 . 275 185 . . Electromagnetic 1585 | . . . . . 235 815 474 . 61 . . . Impact 1820 | . . . . . . . 612 855 . 353 . . Slashing 316 | . . . . . . . 316 . . . . . Piercing . | . . . . . . . . . . . . . Highest Corruption 8 | . . . . . . . 5 6 8 8 8 . Average Corruption 4 | . . . . . . . 1 5 7 8 8 . Corruption Purged . | . . . . . . . . . . . . . Corruption Blocked . | . . . . . . . . . . . . . Effects 161 | . . . . . . . 21 52 43 41 4 . Message Errors 36 | . . . . . . . 7 13 9 7 . . Matter Fused 37 | . . . . . . . 4 10 8 14 1 . Heat Flow Errors 28 | . . . . . . . 1 9 9 7 2 . Energy Discharges 26 | . . . . . . . 4 7 9 5 1 . Parts Rejected 2 | . . . . . . . . 1 1 . . . Data Loss (minor) 20 | . . . . . . . 2 10 3 5 . . Data Loss (major) 7 | . . . . . . . 2 1 2 2 . . Alerts 4 | . . . . . . . 1 1 1 1 . . Weapon Failures 1 | . . . . . . . . . 1 . . . Overload Shots . | . . . . . . . . . . . . . Overflow Damage 1093 | . 16 . . . 10 33 484 376 12 162 . . Projectiles 56 | . 16 . . . . . 40 . . . . . Explosions 55 | . . . . . 10 33 . . 12 . . . Melee 982 | . . . . . . . 444 376 . 162 . . Knockbacks 24 | . . . . . 6 . 15 1 . 2 . . Impact 7 | . . . . . 1 . 3 1 . 2 . . Kinetic 17 | . . . . . 5 . 12 . . . . . Secondary . | . . . . . . . . . . . . . Self-Inflicted Damage 280 | . . . . . 25 19 97 18 22 99 . . Shots 9 | . . . . . 1 2 3 . 1 2 . . Rammed 6 | . . . . . 3 . 3 . . . . . Targets Rammed 7 | . . . . . 4 . 3 . . . . . Kicked . | . . . . . . . . . . . . . Crushed 1 | . . . . . 1 . . . . . . . Highest Temperature 400 | . 308 18 . . 400 117 317 251 245 273 152 . Average Temperature 82 | . 108 9 . . 153 41 58 95 88 127 72 . Received Heat Transfer 1347 | . 321 6 . . 333 180 210 . 45 189 . 63 Effects 6 | . . . . . 4 . 1 . . 1 . . Shutdowns 1 | . . . . . 1 . . . . . . . Energy Bleed 2 | . . . . . 1 . . . . 1 . . Short Circuit 1 | . . . . . . . 1 . . . . . Damage (minor) 2 | . . . . . 2 . . . . . . . Siege Activations . | . . . . . . . . . . . . . Robots Corrupted . | . . . . . . . . . . . . . Combat Hostiles . | . . . . . . . . . . . . . Parts Fried 9 | . . . . . . 4 2 1 . 2 . . Impact Corruptions 23 | . . . . . . . 8 10 . 5 . . Robots Melted . | . . . . . . . . . . . . . Combat Hostiles . | . . . . . . . . . . . . . Parts Melted 2 | . 1 . . . . 1 . . . . . . Heat Transferred 1053 | . 703 . . . 100 50 100 . 100 . . . Parts Sabotaged . | . . . . . . . . . . . . . Parts Stolen 1 | . . . . . . . . . . 1 . . Parts Stripped . | . . . . . . . . . . . . . Power Chain Reactions 9 | . . . . . 2 4 2 . 1 . . . Alert | -11 -10 -10 -10 -9 -8 -8 -7 -7 -7 -7 -7 -6 ------- Run | Yrd Mat Min Exi Min Mat Gar Fac Gar Fac Low Low Fac Peak Influence 1833 | 15 292 163 . . 206 1084 599 1833 961 . . 24 Initial 961 | . 9 113 . . . 122 569 358 961 . . . Average 502 | 4 109 125 . . 59 609 404 1038 711 . . 5 Maximum Alert Level 5 | . 1 . . . 1 3 2 5 3 . . . Low Security (%) 29 | 100 81 100 . 100 95 7 . . 10 . . 100 Level 1 18 | . 18 . . . 4 26 51 1 . . . . Level 2 24 | . . . . . . 28 48 27 22 . . . Level 3 19 | . . . . . . 37 . 27 65 . . . Level 4 5 | . . . . . . . . 27 . . . . Level 5 3 | . . . . . . . . 16 . . . . High Security . | . . . . . . . . . . . . . Max Security . | . . . . . . . . . . . . . Squads Dispatched 22 | . 3 1 . . 3 . 10 . 5 . . . Investigation 6 | . 3 1 . . . . . . 2 . . . Extermination 5 | . . . . . . . 4 . 1 . . . Reinforcement 5 | . . . . . 2 . 3 . . . . . Assault 2 | . . . . . . . . . 2 . . . Garrison 4 | . . . . . 1 . 3 . . . . . Intercept . | . . . . . . . . . . . . . Searches Triggered . | . . . . . . . . . . . . . Construction Impeded 1 | . . . . . . . 1 . . . . . Haulers Reinforced . | . . . . . . . . . . . . . Active Scanning Responses . | . . . . . . . . . . . . . Cargo Convoy Interrupts . | . . . . . . . . . . . . . Stealth | -11 -10 -10 -10 -9 -8 -8 -7 -7 -7 -7 -7 -6 --------- Run | Yrd Mat Min Exi Min Mat Gar Fac Gar Fac Low Low Fac Distress Signals 5 | . 3 . . . . . 1 . . . . 1 Communications Jammed . | . . . . . . . . . . . . . Distress Signals . | . . . . . . . . . . . . . Times Spotted 122 | . 15 2 . . 15 14 29 . 19 17 . 11 Peak Tracking Total 7 | . 4 2 . . 3 4 4 . 6 7 . 4 Tactical Retreats 7 | . . . . . . 3 2 . 1 . . 1 Traps | -11 -10 -10 -10 -9 -8 -8 -7 -7 -7 -7 -7 -6 ------- Run | Yrd Mat Min Exi Min Mat Gar Fac Gar Fac Low Low Fac Traps Triggered 10 | . 1 . . . . 5 1 1 2 . . . Indirectly 4 | . . . . . . 4 . . . . . . Trap Hack Attempts . | . . . . . . . . . . . . . Triggered . | . . . . . . . . . . . . . Disarmed . | . . . . . . . . . . . . . Reprogrammed . | . . . . . . . . . . . . . Reused . | . . . . . . . . . . . . . Traps Extracted . | . . . . . . . . . . . . . Installed . | . . . . . . . . . . . . . Triggered . | . . . . . . . . . . . . . Machines | -11 -10 -10 -10 -9 -8 -8 -7 -7 -7 -7 -7 -6 ---------- Run | Yrd Mat Min Exi Min Mat Gar Fac Gar Fac Low Low Fac Machines Disabled 20 | . . . . . 1 9 1 5 3 1 . . Max in Single Turn 1 | . . . . . 1 1 1 1 1 1 . . Garrison Access 1 | . . . . . . . . . 1 . . . Garrison Relay 7 | . . . . . . 2 . 5 . . . . Machines Repaired . | . . . . . . . . . . . . . Machines Dismantled . | . . . . . . . . . . . . . Machines Sabotaged . | . . . . . . . . . . . . . Overloaded Fab Kills . | . . . . . . . . . . . . . Hacking | -11 -10 -10 -10 -9 -8 -8 -7 -7 -7 -7 -7 -6 --------- Run | Yrd Mat Min Exi Min Mat Gar Fac Gar Fac Low Low Fac Machines Accessed 30 | . 5 1 1 . 3 3 8 2 5 . . 2 Terminals 20 | . 3 . . . 2 3 5 2 3 . . 2 Fabricators 2 | . . . . . . . 1 . 1 . . . Repair Stations 1 | . . . . . . . 1 . . . . . Recycling Units 3 | . 2 . . . . . . . 1 . . . Scanalyzers . | . . . . . . . . . . . . . Garrison Access 2 | . . . . . 1 . 1 . . . . . Total Hacks 62 | . 9 1 1 . 4 8 17 4 14 . . 4 Successful 39 | . 5 1 1 . 1 5 11 3 10 . . 2 Failed 23 | . 4 . . . 3 3 6 1 4 . . 2 Catastrophic 6 | . 2 . . . 1 1 1 . 1 . . . Database Lockouts . | . . . . . . . . . . . . . Manual 41 | . 9 . 1 . 3 4 10 1 9 . . 4 Terminals 44 | . 6 . . . 3 8 11 4 8 . . 4 Fabricators 3 | . . . . . . . 1 . 2 . . . Repair Stations 4 | . . . . . . . 4 . . . . . Recycling Units 7 | . 3 . . . . . . . 4 . . . Scanalyzers . | . . . . . . . . . . . . . Garrison Access 2 | . . . . . 1 . 1 . . . . . Terminal Hacks 14 | . 1 1 1 . . 3 2 3 3 . . . Robot Analysis 1 | . 1 . . . . . . . . . . . Open Door 1 | . . 1 . . . . . . . . . . Open DSF 1 | . . . . . . . 1 . . . . . Emergency Access Points 2 | . . . . . . 1 . 1 . . . . Terminal Index 1 | . . . . . . . . 1 . . . . Unreport Threat 3 | . . . . . . . . . 3 . . . Recall Reinforcements 1 | . . . . . . . 1 . . . . . Garrison Registry 1 | . . . . . . 1 . . . . . . Security Stations 2 | . . . . . . 1 . 1 . . . . Derelict Proto ID Bank 1 | . . . 1 . . . . . . . . . Fabricator Hacks 2 | . . . . . . . 1 . 1 . . . Network Status 2 | . . . . . . . 1 . 1 . . . Repair Station Hacks 4 | . . . . . . . 4 . . . . . Scan Component 2 | . . . . . . . 2 . . . . . Repair 2 | . . . . . . . 2 . . . . . Recycling Unit Hacks 4 | . 1 . . . . . . . 3 . . . Process 1 | . . . . . . . . . 1 . . . Report Inventory 2 | . 1 . . . . . . . 1 . . . Retrieve Matter 1 | . . . . . . . . . 1 . . . Scanalyzer . | . . . . . . . . . . . . . Garrison Access Hacks 2 | . . . . . 1 . 1 . . . . . Unlock Access 2 | . . . . . 1 . 1 . . . . . Unauthorized Hacks 13 | . 3 . . . . 2 3 . 3 . . 2 Terminals 10 | . 1 . . . . 2 3 . 2 . . 2 Botnet 10 | . 1 . . . . 2 3 . 2 . . 2 Fabricators 1 | . . . . . . . . . 1 . . . Report 1 | . . . . . . . . . 1 . . . Repair Stations . | . . . . . . . . . . . . . Recycling Units 2 | . 2 . . . . . . . . . . . Tunnel 2 | . 2 . . . . . . . . . . . Scanalyzers . | . . . . . . . . . . . . . Garrison Access . | . . . . . . . . . . . . . Data Cores Recovered 1 | . 1 . . . . . . . . . . . Used . | . . . . . . . . . . . . . Hacking Detections 23 | . 3 . . . 3 3 6 1 5 . . 2 Full Trace Events 2 | . . . . . . . . . 2 . . . Feedback Events 1 | . . . . . . . . . 1 . . . Hackware Fried 1 | . . . . . . . . . 1 . . . Feedback Blocked . | . . . . . . . . . . . . . Robot Schematics Acquired . | . . . . . . . . . . . . . Robots Built . | . . . . . . . . . . . . . Authchips . | . . . . . . . . . . . . . Time . | . . . . . . . . . . . . . Total Robot Build Rating . | . . . . . . . . . . . . . Part Schematics Acquired . | . . . . . . . . . . . . . Parts Built . | . . . . . . . . . . . . . Authchips . | . . . . . . . . . . . . . Time . | . . . . . . . . . . . . . Total Part Build Rating . | . . . . . . . . . . . . . Parts Repaired 2 | . . . . . . . 2 . . . . . Time 98 | . . . . . . . 98 . . . . . Parts Recycled . | . . . . . . . . . . . . . Recycled Matter 61 | . . . . . . . . . 61 . . . Retrieved Matter 61 | . . . . . . . . . 61 . . . Retrieved Components . | . . . . . . . . . . . . . Parts Scanalyzed . | . . . . . . . . . . . . . Part Schematics Acquired . | . . . . . . . . . . . . . Parts Damaged . | . . . . . . . . . . . . . Bothacking | -11 -10 -10 -10 -9 -8 -8 -7 -7 -7 -7 -7 -6 ------------ Run | Yrd Mat Min Exi Min Mat Gar Fac Gar Fac Low Low Fac Used RIF Installer 3 | . . . . . . 1 . 2 . . . . Threat Obfuscator 1 | . . . . . . . . 1 . . . . Patrol Navigation 1 | . . . . . . . . 1 . . . . Robots Hacked 30 | . . . . . . . 9 . 7 9 . 5 Non-combat 7 | . . . . . . . 6 . 1 . . . Combat 23 | . . . . . . . 3 . 6 9 . 5 Robot Hacks Applied 38 | . . . . . . . 13 . 10 9 . 6 parse_system 3 | . . . . . . . . . 2 1 . . no_distress 3 | . . . . . . . 3 . . . . . ignore_repairs 1 | . . . . . . . 1 . . . . . check_alert 1 | . . . . . . . 1 . . . . . overload_power 6 | . . . . . . . 1 . . 1 . 4 amplify_resonance 3 | . . . . . . . . . . 3 . . reboot_system 1 | . . . . . . . 1 . . . . . go_dormant 1 | . . . . . . . 1 . . . . . overwrite_iff 4 | . . . . . . . . . . 3 . 1 formatsys_low 5 | . . . . . . . 3 . 2 . . . formatsys_high 10 | . . . . . . . 2 . 6 1 . 1 Relay Couplers Released 33 | . . . . . . 10 . 22 1 . . . Machine Destruction 33 | . . . . . . 10 . 22 1 . . . Attached 12 | . . . . . . . 3 2 4 2 1 . Fabnet Peak Effective % . | . . . . . . . . . . . . . Robots Rewired 6 | . . . . . . . . 6 . . . . Allies Hacked 1 | . . . . . . . 1 . . . . . Hacks Repelled . | . . . . . . . . . . . . . Allies | -11 -10 -10 -10 -9 -8 -8 -7 -7 -7 -7 -7 -6 -------- Run | Yrd Mat Min Exi Min Mat Gar Fac Gar Fac Low Low Fac Total Allies 23 | . . . . . . . 5 6 7 4 . 1 Largest Group 7 | . . . . . . . 2 6 7 1 1 2 Highest-Rated Group 138 | . . . . . . . 58 122 138 16 12 41 Highest-Rated Ally 32 | . . . . . . . 32 32 32 16 12 29 Total Orders 35 | . . . . . . . 14 12 8 . . 1 STAY 19 | . . . . . . . 7 7 4 . . 1 FOLLOW 15 | . . . . . . . 7 4 4 . . . GUARD 1 | . . . . . . . . 1 . . . . Ally Attacks 67 | . . . . . . . 3 . 42 9 . 13 Total Damage 1450 | . . . . . . . 82 . 1075 122 . 171 Kills 9 | . . . . . . . . . 9 . . . Allies Corrupted 1 | . . . . . . . . . 1 . . . Allies Melted . | . . . . . . . . . . . . . Intel | -11 -10 -10 -10 -9 -8 -8 -7 -7 -7 -7 -7 -6 ------- Run | Yrd Mat Min Exi Min Mat Gar Fac Gar Fac Low Low Fac Robot Analysis Total 1 | . 1 . . . . . . . . . . . Derelict Logs Recovered 2 | . . . . . . . . . . 1 1 . Drone Launches . | . . . . . . . . . . . . . Drone Recoveries . | . . . . . . . . . . . . . Exploration | -11 -10 -10 -10 -9 -8 -8 -7 -7 -7 -7 -7 -6 ------------- Run | Yrd Mat Min Exi Min Mat Gar Fac Gar Fac Low Low Fac Turns Passed 13169 | 116 734 225 845 584 1079 1690 2603 2207 1348 1257 98 383 Spaces Moved 5147 | 55 315 128 528 40 233 580 804 1121 705 461 41 136 Core 9 | 9 . . . . . . . . . . . . Treads 5138 | 46 315 128 528 40 233 580 804 1121 705 461 41 136 Legs . | . . . . . . . . . . . . . Wheels . | . . . . . . . . . . . . . Hover . | . . . . . . . . . . . . . Flight . | . . . . . . . . . . . . . Fastest Speed 50 | 50 160 160 160 160 160 240 160 160 160 160 240 160 Average Speed 191 | 146 160 160 160 160 173 240 234 160 160 248 240 225 Slowest Speed 320 | 160 160 160 160 160 240 240 320 160 160 320 240 240 Overloaded Moves . | . . . . . . . . . . . . . Propulsion Burnouts . | . . . . . . . . . . . . . Robots Hopped . | . . . . . . . . . . . . . Cave-ins Triggered . | . . . . . . . . . . . . . Exploration Rate (%) 37 | 4 53 23 89 19 23 63 18 99 15 71 11 4 Regions Visited 12 Branch Regions 5 Pre-discovered Areas 2 | . 2 . . . . . . . . . . . Known Exits Taken 2 | . . . . . 1 . 1 . . . . . Unknown Exits Taken 8 | 1 1 1 1 1 . . . . 1 1 1 . Scrap Searched 5 | . . 1 . . . . . . . 4 . . Spaces Dug 84 | . . . . . 7 10 3 64 . . . . Terrain Destroyed 250 | . . . . . 34 47 38 64 46 21 . . Melee 66 | . . . . . . . 2 64 . . . . Projectile 5 | . . . . . 3 . 2 . . . . . AOE 179 | . . . . . 31 47 34 . 46 21 . . Terrain Rammed 1 | . . . . . . . . 1 . . . . Walls Destroyed . | . . . . . . . . . . . . . Machines Disabled . | . . . . . . . . . . . . . Actions | -11 -10 -10 -10 -9 -8 -8 -7 -7 -7 -7 -7 -6 --------- Run | Yrd Mat Min Exi Min Mat Gar Fac Gar Fac Low Low Fac Total 7655 | 75 434 144 528 560 784 734 1392 1319 902 536 42 205 Wait 1748 | 7 44 9 . 520 447 66 426 22 144 9 . 54 Move 5134 | 54 314 127 527 39 233 578 803 1119 704 460 40 136 Hop . | . . . . . . . . . . . . . Pick Up 40 | . 5 2 1 . 8 4 3 11 3 3 . . Fast Attach 37 | 7 3 1 . . 5 . 7 4 3 6 . 1 Attach 27 | . 2 . . . 5 1 7 2 2 5 1 2 Detach 11 | . 4 1 . . 2 . 1 . 1 1 1 . Swap 73 | 1 2 1 . 1 16 10 26 2 9 5 . . Drop 42 | . 2 1 . . 5 3 7 10 6 8 . . Fire 347 | 6 58 2 . . 59 67 91 . 26 26 . 12 Melee 139 | . . . . . . . 16 109 2 12 . . Ram 1 | . . . . . . . . 1 . . . . Kick . | . . . . . . . . . . . . . Crush 7 | . . . . . 4 . 3 . . . . . Escape Stasis 2 | . . . . . . 2 . . . . . . Rewire 47 | . . . . . . 3 2 39 2 1 . . Trap . | . . . . . . . . . . . . . Miscellaneous . | . . . . . . . . . . . . . Route ------- -11/Scrapyard -10/Materials (discovered 3 exits: [*Mat x2] / *Min) -10/Mines -10/Exiles (discovered 2 exits: [*Min x2]) -9/Mines -8/Materials -8/Garrison (discovered 4 exits: *Fac x3 / [Mat]) -7/Factory (discovered 2 exits: *Fac / Gar) -7/Garrison (discovered 3 exits: *Fac x3) -7/Factory (discovered 2 exits: *Fac / [*Low]) -7/Lower Caves -7/Lower Caves -6/Factory History --------- Turn | Location | Event 3 | -11/Scrapyard | Discovered new exit (range 16) 117 | -11/Scrapyard | Entered Materials 304 | -10/Materials | Build established: Mutant 516 | -10/Materials | Discovered new exit (range 5) 705 | -10/Materials | Discovered new exit (range 16) 829 | -10/Materials | Discovered new exit (range 10) 851 | -10/Materials | Entered Mines 896 | -10/Mines | Met a Derelict shopkeep closing up shop 1069 | -10/Mines | Deemed a non-threat by the Exiles lab entrance 1069 | -10/Mines | Discovered new exit (range 5) 1076 | -10/Mines | Entered Exiles 1097 | -10/Exiles | Discovered new exit (range 15) 1116 | -10/Exiles | Met 8R-AWN 1142 | -10/Exiles | Met EX-HEX 1192 | -10/Exiles | Met EX-BIN 1209 | -10/Exiles | Met EX-DEC 1261 | -10/Exiles | Visited The Gauntlet 1667 | -10/Exiles | Aligned with FarCom system 1668 | -10/Exiles | Given EX-Vault access code 1708 | -10/Exiles | Opened EX-Vault 1721 | -10/Exiles | Found Cloak of Protection 1756 | -10/Exiles | Warned to stay clear of 0b10 Research branches 1858 | -10/Exiles | Discovered new exit (range 12) 1921 | -10/Exiles | Left Exiles lab with Cloak of Protection 1921 | -10/Exiles | Entered Mines 1922 | -9/Mines | Assembled infested the area 2502 | -9/Mines | Discovered new exit (range 3) 2505 | -9/Mines | Entered Materials 2505 | -8/Materials | Evolved 4 slots: Utility x4 3469 | -8/Materials | Garrison activated, responded to threat 3584 | -8/Materials | Identified exit to Garrison 3584 | -8/Materials | Entered Garrison 3640 | -8/Garrison | Triggered checkpoint 3711 | -8/Garrison | Garrison Relay disabled 4081 | -8/Garrison | Triggered checkpoint 4153 | -8/Garrison | Triggered checkpoint 4195 | -8/Garrison | Destroyed 7 combat bots 4265 | -8/Garrison | Discovered new exit (range 10) 4457 | -8/Garrison | Triggered checkpoint 4611 | -8/Garrison | Discovered new exit (range 10) 4638 | -8/Garrison | Triggered checkpoint 4649 | -8/Garrison | Learned Factory security intel 4703 | -8/Garrison | Garrison Relay disabled 4778 | -8/Garrison | Discovered new exit (range 20) 4778 | -8/Garrison | Discovered new exit (range 40) 4778 | -8/Garrison | Discovered new exit (range 50) 4778 | -8/Garrison | Discovered new exit (range 32) 4858 | -8/Garrison | Triggered checkpoint 5024 | -8/Garrison | Spotted B-75 Beast 5233 | -8/Garrison | Installed Relay Interface Framework 5274 | -8/Garrison | Entered Factory 5274 | -7/Factory | Evolved 2 slots: Propulsion x1, Utility x1 5330 | -7/Factory | Repaired Imp. Light Armor Plating 5392 | -7/Factory | Repaired Adv. EMP Blaster 5603 | -7/Factory | Build established: Hacker-Mutant 5858 | -7/Factory | Discovered new exit (range 5) 7541 | -7/Factory | Garrison activated, responded to threat 7858 | -7/Factory | Identified exit to Garrison 7877 | -7/Factory | Entered Garrison 7877 | -7/Garrison | Discovered recently destroyed garrison 7988 | -7/Garrison | Garrison Relay disabled 8023 | -7/Garrison | Garrison Relay disabled 8313 | -7/Garrison | Build established: Bothacker-Mutant 8450 | -7/Garrison | Learned Factory security intel 8460 | -7/Garrison | Discovered new exit (range 14) 8967 | -7/Garrison | Garrison Relay disabled 9206 | -7/Garrison | Discovered new exit (range 14) 9251 | -7/Garrison | Expanded RIF knowledge: Patrol Navigation 9377 | -7/Garrison | Garrison Relay disabled 9726 | -7/Garrison | Expanded RIF knowledge: Threat Obfuscation 9852 | -7/Garrison | Discovered new exit (range 15) 10023 | -7/Garrison | Garrison Relay disabled 10084 | -7/Garrison | Entered Factory 10084 | -7/Factory | Accompanied by 6 allies 10484 | -7/Factory | First assault squad dispatched 10586 | -7/Factory | Lost 7 allies 10665 | -7/Factory | Hacking Suite fried by hacking feedback 11272 | -7/Factory | Lost 4 allies 11384 | -7/Factory | Discovered new exit (range 5) 11392 | -7/Factory | Discovered new exit (range 4) 11432 | -7/Factory | Entered Lower Caves 11589 | -7/Lower Caves | Attracted the attention of an 0b10 outpost 11654 | -7/Lower Caves | Lost 5 parts (1p1n1u2w) 12257 | -7/Lower Caves | Learned Factory emergency access door positions 12579 | -7/Lower Caves | Spotted B-75 Beast 12633 | -7/Lower Caves | Discovered new exit (range 9) 12636 | -7/Lower Caves | Core integrity fell below 50% 12689 | -7/Lower Caves | Entered another Lower Caves area 12689 | -7/Lower Caves | Accompanied by 1 ally 12749 | -7/Lower Caves | Learned Factory terminal intel 12761 | -7/Lower Caves | Discovered new exit (range 5) 12787 | -7/Lower Caves | Entered Factory 12787 | -6/Factory | Accompanied by 1 ally 12787 | -6/Factory | Evolved 2 slots: Utility x2 12789 | -6/Factory | Loaded intel: 28 terminal locations 13170 | -6/Factory | Self-destructed Last Messages --------------- 13140_ U-05 Engineer lays Concrete. 13142_ S-27 Virus Lgt. Nuclear Core critical detonation. 13142_ S-27 Virus destroyed. 13142_ U-05 Engineer lays Concrete. 13145_ R-10 Processor collects VTOL Module. 13145_ U-05 Engineer lays Concrete. 13146_ R-10 Processor collects Autogun. 13146_ U-05 Engineer lays Concrete. 13148_ K-01 Serf cleans the Terminal. 13148_ U-05 Engineer lays Concrete. 13148_ R-10 Processor collects VTOL Module. 13149_ K-01 Serf collects debris. 13149_ U-05 Engineer lays Concrete. 13152_ K-01 Serf collects debris. 13152_ U-05 Engineer lays Concrete. 13154_ K-01 Serf collects debris. 13163_ Relay Coupler [Hunter] destroyed. 13164_ Remote Datajack destroyed. 13165_ Shield Generator destroyed. 13167_ K-01 Serf collects debris. Map ----- +----------------------------------------------------+ | ?????????????????????????????????????????????????? | | ?????????????????????? !!???????????????????????? | | ?????????????????????? !! ?????????????????????? | | ?????????????????????" #????????????????????? | | ?????????????????????" #????????????????????? | | ?????????????????! " " #????????????????????? | | ????????????????? " " #????????????????????? | | ????????????????? #????????????????????? | | ????????????????? = w+????????????????????? | | ????????????????? ?????????????????????? | | ?????????????????? #?????????????????????? | | ??????????????????# "" #?????????????????????? | | ??????????####????# ""R #?????????????????????? | | ??????????? ???# "T #?????????????????????? | | ????????""""""""??# ""R #?????????????????????? | | #####???? gg ?# u"" #?????????????????????? | | #????? l #R k #?????????????????????? | | #???????""" #u % % ########??????????????? | | !!= ?????????"" + g w H ???????? | | !== ??????????????# % #########?????????????? | | != ????#######???## %k % #?????????????????????? | | ????# ##### #?????????????????????? | | #+###### T %% #?????????????????????? | | "" u%%%"% #?????????????????????? | | # ###### u #?????????????????????? | | # #????# ##### @ #?????????????????????? | | # #????###+###???###+##### #?????????????????????? | | # #?????? ?????? ????# #?????????????????????? | | # #?????# ????? ?????# #?????????????????????? | | # #?????# ??? ?????# #?????????????????????? | | # #?????# ??# ??????# #?????????????????????? | | # #####?# ??# !??????? ?????????????????????? | | # #?# ??????????? ?????????????????????? | | # #?####+#??????????? ?????????????????????? | | + #????# #???????????# #?????????????????????? | | # ##???# #???????????? ??????????????????????? | | # T#???# #??????#+#??? ??????????????????????? | | # #???# #????? #???Y??????????????????????? | | # ###??# ##### ## ??????????????????????? | | # #??# ??????????????????????? | | # #??#% #??? ??????????????????????? | | # #### #??? ??????????????????????? | | # #??????????????????????????? | | # #############????????????????????????????? | | ####+#######?????????????????????????????????????? | | ! #?????????????????????????????????????? | | """""" #?????????????????????????????????????? | | ! """""" #?????????????????????????????????????? | | """""" #?????????????????????????????????????? | | """""" #?????????????????????????????????????? | +----------------------------------------------------+ Best States ------------- Heat Dissipation 37 Energy Generation 19 Energy Capacity 315 Matter Stores 300 Matter Capacity 300 Sight Range 16 Terrain Scan Density 10 Armor Coverage 600 Resistance: EX 25 Evasion (%) 40 Targeting Accuracy 5 Launcher Accuracy 20 Recoil Reduction 3 Offensive Hacking 20 Relay Coupler Types 3 Relay Coupler Value 100 Item Schematics ----------------- None Robot Schematics ------------------ None Fabricated ------------ Nothing Alien Tech Used ----------------- None Achievements -------------- Assimilation Complete Dramatic Entrance Significant Disruption Challenges ------------ None Game ------ Seed CompositeChainFlakker Manual? 0 Play Time 02:23:19 Cumulative 54.0 hours Start 2024.04.12 @ 21:56:41 End 2024.04.13 @ 00:47:09 Sessions 3 Manual Loads 0 Difficulty Rogue Special Mode None Game No. 31 Rogue 31 Adventurer 0 Explorer 0 Win Type - Total 2 Types 2/0/0/0/0/0/0/0/0 Lore% 34 Gallery% 33 Achievement% 37 Wizard Run 0 Options --------- Layout 0 ASCII 0 Keyboard 0 Movement Numpad Keybinds 0 Fullscreen 2 Font 18/SmallcapsGlow Map View 76x50 Zoom Use 0% Tactical HUD 1 Map Filters NONE Filters NONE Steam 1 RUN: e7d49835-532b-4027-846b-028f4a3ef90e